 Dungeon Crawl Stone Soup version 0.26-a0-937-g67df3f2acb (webtiles) character file.

Game seed: 18291355391768281819

0 Descartes the Sneak (level 1, -1/11 HPs)
             Began as a Vine Stalker Delver on Nov 27, 2020.
             Slain by a sky beast (4 damage)
             ... on level 5 of the Dungeon.
             The game lasted 00:00:26 (22 turns).

Descartes the Sneak (Vine Stalker Delver)             Turns: 22, Time: 00:00:27

Health: -1/11      AC:  3    Str: 14    XL:     1   Next: 0%
Magic:  0/2        EV: 12    Int: 10    God:
Gold:   7          SH:  0    Dex: 15    Spells: 0/0 levels left

rFire    . . .     SeeInvis .   a - +0 falchion
rCold    . . .     Faith    .   (no shield)
rNeg     . . .     Spirit   +   b - +0 leather armour
rPois    .         Reflect  .   (no helmet)
rElec    .         Harm     .   (no cloak)
rCorr    .         Rampage  .   (no gloves)
MR       .....                  (no boots)
Stlth    +++.......             (no amulet)
HPRegen  0.03/turn              (no ring)
MPRegen  0.08/turn              (no ring)

@: no status effects
A: fangs 2, magic shield, antimagic bite, no potion heal 3, rot immunity
a: no special abilities


You were on level 5 of the Dungeon.
You visited 1 branch of the dungeon, and saw 1 of its levels.

You collected 7 gold pieces.

Inventory:

Hand Weapons
 a - a +0 falchion (weapon)
Armour
 b - a +0 leather armour (worn)
Wands
 g - a wand of digging (3)
Scrolls
 c - a scroll of fog
 d - a scroll of magic mapping
 e - a scroll of fear
Potions
 f - a potion of haste


   Skills:
 + Level 2.6 Fighting
 - Level 1.7 Long Blades
 - Level 1.5 Dodging
 + Level 6.0 Stealth


You couldn't memorise any spells.
You didn't know any spells.
Your spell library was empty.

Dungeon Overview and Level Annotations

Branches:
Dungeon (5/15)
 Temple: D:4-7

Altars:


Innate Abilities, Weirdness & Mutations

You have extremely sharp teeth.
When hurt, damage is shared between your health and your magic reserves.
Your bite disrupts and absorbs the magic of your enemies.
Potions cannot restore your health.
You are immune to rotting.


Message History

The leopard gecko skeleton bites you but does no damage.
The sky beast hits you. The sky beast shocks you.
You are too injured to fight recklessly!
You are too injured to fight recklessly!
You are too injured to fight recklessly!
You barely miss the leopard gecko skeleton.
You bite the leopard gecko skeleton. You drain its power.
You feel invigorated.
The leopard gecko skeleton is heavily damaged.
The leopard gecko skeleton bites you but does no damage.
The sky beast barely misses you.
You hit the leopard gecko skeleton.
You bite the leopard gecko skeleton, but do no damage.
The leopard gecko skeleton is almost destroyed.
The leopard gecko skeleton misses you.
You riposte.
You hit the leopard gecko skeleton.
You destroy the leopard gecko skeleton!
The sky beast hits you.
* * * LOW HITPOINT WARNING * * *
The sky beast shocks you.
You die...

############
##..........##
##............##
#..............#
#####..............#
#....Y.............#
#.....@............###
......................#
#.....................#
............$.........#
........#.#...........#
.#......#.#..##.#.....#
##l.##........>#.....#
##. #..h..#.#########
h.....#.#


You could see a sky beast, a hound and a frilled lizard (asleep).

Vanquished Creatures
  A leopard gecko skeleton (D:5)
1 creature vanquished.

Notes
Turn   | Place    | Note
-------+----------+-------------------------------------------
     0 | D:5      | Descartes the Vine Stalker Delver began the quest for the
                  | Orb.
     0 | D:5      | Reached XP level 1. HP: 11/11 MP: 2/2
    11 | D:5      | Noticed a sky beast
    13 | D:5      | Noticed a hound
    22 | D:5      | Slain by a sky beast

Illustrated notes

Levels and vault maps discovered:
D:5:      layout_rooms, nicolae_ossuary_entry_giza, dk_noncrumbling_3

Action                   || total
-------------------------++-------
Melee: Falchion          ||     5
       Bite              ||     5
 Stab: Sleeping          ||     1
Armor: Leather armour    ||     2
Dodge: Dodged            ||     5
       Rpst.: Falchion   ||     2

Table legend: (Time is in decaauts)
 A = Elapsed time spent in this place.
 B = Non-inter-level travel time spent in this place.
 C = Inter-level travel time spent in this place.
 D = Time resting spent in this place.
 E = Time spent auto-exploring this place.
 F = Levels seen in this place.
 G = Mean time per level.
                   A        B        C        D        E       F      G
               +--------+--------+--------+--------+--------+-----+--------+
         Total |     22 |     22 |      0 |      0 |     11 |   1 |   22.0 |
       Dungeon |     22 |     22 |      0 |      0 |     11 |   1 |   22.0 |
               +--------+--------+--------+--------+--------+-----+--------+

Top non-repeatable levels by time:
     D:5: 22 daAuts
